 Dungeon Crawl Stone Soup version 0.26-a0-631-ged93497179 (webtiles) character file.

Game seed: 10374323651313790801

2338 Murumi the Fighter (level 9, 0/101 HPs)
             Began as an Ogre Conjurer on Sept 12, 2020.
             Slain by Duvessa
             ... wielding a +0 rapier
              (8 damage)
             ... on level 6 of the Dungeon.
             The game lasted 00:24:44 (8918 turns).

Murumi the Fighter (Ogre Conjurer)                  Turns: 8918, Time: 00:24:44

Health: 0/101      AC:  4    Str: 16    XL:     9   Next: 43%
Magic:  6/15       EV: 11    Int: 17    God:
Gold:   383        SH:  0    Dex:  9    Spells: 13/16 levels left

rFire    + . .     SeeInvis +   g - +4 whip
rCold    x . .     Faith    .   (no shield)
rNeg     . . .     Spirit   .   o - +1 robe of Beogh's Approval {+Inv rPois Int-2 Dex+2}
rPois    +         Reflect  .   (helmet restricted)
rElec    .         Harm     .   (no cloak)
rCorr    .         Rampage  .   (gloves unavailable)
MR       .....                  (boots unavailable)
Stlth    ++........             (no amulet)
HPRegen  0.26/turn              i - ring of see invisible
MPRegen  0.14/turn              w - ring of fire

@: hasted, very quick
A: large, unfitting armour, tough skin 1
a: Evoke Invisibility


You were on level 6 of the Dungeon.
You visited 1 branch of the dungeon, and saw 6 of its levels.

You collected 383 gold pieces.

Inventory:

Hand Weapons
 b - a +0 giant spiked club
 g - a +4 whip (weapon)
 q - a +4 flail of holy wrath
Missiles
 j - 4 large rocks (quivered)
 k - 8 silver javelins
 x - 6 javelins
Armour
 o - the +1 robe of Beogh's Approval (worn) {+Inv rPois Int-2 Dex+2}
   (You found it on level 4 of the Dungeon)

   It affects your intelligence (-2).
   It affects your dexterity (+2).
   It protects you from poison.
   It lets you turn invisible.
Jewellery
 i - a ring of see invisible (left hand)
 w - a ring of fire (right hand)
Wands
 h - a wand of random effects (48)
 n - a wand of flame (22)
 p - a wand of disintegration (13)
Scrolls
 r - a scroll of remove curse
 t - a scroll of amnesia
 u - a scroll of magic mapping
 v - a scroll of fear
Potions
 c - a potion of lignification
 d - 3 potions of mutation
 e - 2 potions of flight
 f - a potion of invisibility {unknown}
 l - 2 potions of brilliance {unknown}
 m - 3 potions of curing {unknown}
 s - 2 potions of stabbing {unknown}


   Skills:
 - Level 10.0 Fighting
 + Level 5.2 Maces & Flails
 - Level 2.0 Armour
 - Level 5.0 Dodging
 - Level 2.0 Stealth
 - Level 4.0 Spellcasting
 - Level 4.0 Conjurations
 - Level 2.0 Evocations


You had 13 spell levels left.
You knew the following spells:

 Your Spells              Type           Power        Failure   Level
a - Magic Dart            Conj           ###.         3%          1
b - Searing Ray           Conj           ###...       4%          2

Your spell library contained the following spells:

 Spells                   Type           Power        Failure   Level
 Shock                    Conj/Air       ##..         7%          1
 Beastly Appendage        Tmut           #.....       16%         1
 Dazzling Flash           Conj/Hex       ##....       21%         3
 Static Discharge         Conj/Air       ##......     21%         3
 Swiftness                Air            #.......     24%         2
 Wereblood                Tmut           #.......     24%         2
 Spider Form              Tmut/Pois      #.........   43%         3
 Fulminant Prism          Conj/Hex       ##........   56%         4
 Iskenderun's Mystic Bla  Conj/Tloc      ##......     56%         4
 Airstrike                Air            #.........   83%         4
 Ice Form                 Ice/Tmut       #.......     83%         4
 Lightning Bolt           Conj/Air       ##........   88%         5
 Blade Hands              Tmut           #.........   99%         5


Dungeon Overview and Level Annotations

Branches:
Dungeon (6/15)
 Temple: D:4-7

Altars:
Trog
Xom
Zin

Annotations:
D:6 Duvessa


Innate Abilities, Weirdness & Mutations

You are too large for most types of armour.
You have tough skin. (AC +1)


Message History

Press: ? - help, Shift-Dir - straight line, f/p - Duvessa
Aim: Duvessa, wielding a +0 rapier and wearing a cursed +0 leather armour (moderately wounded, berserk)
The searing ray misses Duvessa. (Press . to maintain the ray.) Duvessa hits you with a +0 rapier.
The searing ray hits Duvessa.
Duvessa is moderately wounded.
Duvessa hits you with a +0 rapier!
The searing ray hits Duvessa.
Duvessa is moderately wounded.
Duvessa hits you with a +0 rapier! x2
The searing ray hits Duvessa!
Duvessa is heavily wounded.
You finish channeling your searing ray.
Duvessa hits you with a +0 rapier!
* * * LOW HITPOINT WARNING * * *
Duvessa hits you with a +0 rapier!
* * * LOW HITPOINT WARNING * * *
It was a potion of haste.
You feel yourself speed up. Duvessa hits you with a +0 rapier!
You die...

**,,...#* #..* ***,,**,,,,,**
*,,**#..#*##.#* *,,,,,,,,,,,*
**** *#..##..# *,,,,,,,,,,,,
*#.....# *,,,,,,,,,,,, ###
*#....# *,,,,,,,,,,,, #.#
#....## **,,,,,,,,,,,, #.##
#[....## *,,,.,,,,,,,,,
##.######..##..###....,,,,,,,,,
#...##...####@.....<.,,,,,,,,,
#.......## ##e......,,,,,,,,,
######.## *#......,,,,,,,,,
###******,......,,,,,,,,,
*,,,,,,,,,.....,,,,,,,,,
*,,****,,,.....,,,,,,,,,
*,***,,,,,,....,,,,,,,,,
*,**,,,,,,,....,,,,,,,,,
**,*,,,,,,,,,,,,,,,,,,,,,


You could see Duvessa (berserk).

Vanquished Creatures
  Prince Ribbit (D:5)
  Sigmund (D:4)
  Eustachio (D:5)
  Edmund (D:4)
  Menkaure (D:6)
  3 phantoms
  3 ogres
  A centaur (D:5)
  Blork the orc (D:4)
  Dowan (D:6)
  3 scorpions
  A howler monkey (D:6)
  A bullfrog zombie (D:6)
  4 orc wizards (D:4)
  2 hounds
  3 orc priests
  A bullfrog skeleton (D:4)
  2 iguanas
  3 worker ants
  A worker ant zombie (D:5)
  3 gnolls
  8 adders
  2 shadow imps (D:6)
  3 ufetubi
  An ooze (D:1)
  5 worms
  2 dart slugs
  7 leopard geckos
  14 orcs
  4 giant cockroaches
  5 goblins
  7 hobgoblins
  2 jackals (D:1)
  10 kobolds
  3 quokkas
  3 ball pythons
  8 bats
  10 frilled lizards
  A jackal zombie (D:6)
  A leopard gecko skeleton (D:4)
  5 rats
139 creatures vanquished.

Notes
Turn   | Place    | Note
-------+----------+-------------------------------------------
     0 | D:1      | Murumi the Ogre Conjurer began the quest for the Orb.
     0 | D:1      | Reached XP level 1. HP: 16/16 MP: 3/3
   131 | D:1      | Reached XP level 2. HP: 24/24 MP: 0/5
   342 | D:1      | You fall into a shaft and drop 1 floor!
   382 | D:2      | Learned a level 2 spell: Searing Ray
  1031 | D:1      | Reached skill level 1 in Fighting
  1031 | D:1      | Reached XP level 3. HP: 33/33 MP: 2/7
  1339 | D:1      | Reached skill level 2 in Fighting
  1696 | D:2      | Found a glowing silver altar of Zin.
  1839 | D:2      | Reached skill level 1 in Maces & Flails
  1971 | D:2      | Reached XP level 4. HP: 44/44 MP: 5/8
  2276 | D:2      | Reached skill level 3 in Fighting
  2641 | D:3      | Reached skill level 4 in Fighting
  2656 | D:3      | Reached XP level 5. HP: 36/54 MP: 0/9
  2872 | D:3      | Reached skill level 1 in Armour
  3052 | D:3      | Reached skill level 1 in Evocations
  3372 | D:3      | Noticed an ogre
  3378 | D:3      | Killed an ogre
  3378 | D:3      | Reached skill level 5 in Fighting
  3378 | D:3      | Reached XP level 6. HP: 67/67 MP: 5/10
  3434 | D:3      | Found a shimmering altar of Xom.
  3435 | D:3      | Found a shimmering altar of Xom.
  3822 | D:4      | Noticed a phantom
  3883 | D:3      | Killed a phantom
  3883 | D:3      | Reached skill level 6 in Fighting
  4059 | D:4      | Noticed Blork the orc
  4070 | D:4      | Killed Blork the orc
  4070 | D:4      | Reached XP level 7. HP: 68/75 MP: 2/11
  4335 | D:4      | Reached skill level 7 in Fighting
  4357 | D:4      | Got a heavy robe
  4368 | D:4      | Identified the cursed +1 robe of Beogh's Approval {+Inv
                  | rPois Int-2 Dex+2} (You found it on level 4 of the Dungeon)
  4816 | D:4      | Reached skill level 8 in Fighting
  4862 | D:4      | Noticed Edmund
  4891 | D:4      | Killed Edmund
  4891 | D:4      | Reached XP level 8. HP: 43/88 MP: 0/12
  5111 | D:4      | Noticed Sigmund
  5330 | D:4      | Killed Sigmund
  5496 | D:5      | Entered Level 5 of the Dungeon
  5910 | D:5      | Reached skill level 9 in Fighting
  6484 | D:5      | Noticed Eustachio
  6504 | D:5      | Killed Eustachio
  6873 | D:6      | Noticed Prince Ribbit
  7035 | D:5      | Killed Prince Ribbit
  7035 | D:5      | Reached skill level 5 in Maces & Flails
  7035 | D:5      | Reached XP level 9. HP: 98/98 MP: 7/13
  7276 | D:6      | Reached skill level 5 in Dodging
  7687 | D:6      | Noticed Duvessa
  7754 | D:6      | Noticed Dowan
  7775 | D:6      | Killed Dowan
  7828 | D:6      | Found a bloodstained altar of Trog.
  7950 | D:6      | Reached skill level 10 in Fighting
  8301 | D:6      | Noticed Menkaure
  8309 | D:6      | Killed Menkaure
  8918 | D:6      | Slain by Duvessa

Illustrated notes

Levels and vault maps discovered:
D:1:      dpeg_arrival_tiny_d, layout_basic, st_stairs_11
D:2:      layout_rooms, zin_statuary
D:3:      layout_basic, xom_redecorated, minmay_fractal_squares_diagonal_5
D:4:      layout_rooms, minmay_goblin_kobold_house, uniq_sigmund,
          uniq_blork_the_orc, uniq_edmund
D:5:      layout_loops_corners, uniq_eustachio
D:6:      layout_layer_cave, nicolae_overflow_crystal_walls, minmay_checkerbox,
          uniq_duvessa, uniq_menkaure, uniq_prince_ribbit1

Skill      XL: |  1  2  3  4  5  6  7  8  9 |
---------------+----------------------------+-----
Dodging        | 2 3 4 5 |  5.0
Conjurations   | 4 |  4.0
Spellcasting   | 3 4 |  4.0
Fighting       | 1 2 4 5 6 8 9 10 | 10.0
Maces & Flails | 1 2 3 5 |  5.2
Armour         | 1 2 |  2.0
Evocations     | 1 2 |  2.0
Stealth        | 2 |  2.0

Action                   |  1- 3 |  4- 6 |  7- 9 || total
-------------------------+-------+-------+-------++-------
Melee: Club              |    10 |       |       ||    10
       Whip              |       |    39 |    54 ||    93
 Cast: Magic Dart        |    62 |    61 |    86 ||   209
       Searing Ray       |     2 |    14 |    54 ||    70
  Use: Scroll            |     5 |     4 |     7 ||    16
       Potion            |       |     1 |     1 ||     2
 Stab: Sleeping          |       |       |     1 ||     1
Armor: Robe              |    12 |     6 |     7 ||    25
Dodge: Dodged            |    14 |    30 |    45 ||    89

Table legend: (Time is in decaauts)
 A = Elapsed time spent in this place.
 B = Non-inter-level travel time spent in this place.
 C = Inter-level travel time spent in this place.
 D = Time resting spent in this place.
 E = Time spent auto-exploring this place.
 F = Levels seen in this place.
 G = Mean time per level.
                   A        B        C        D        E       F      G
               +--------+--------+--------+--------+--------+-----+--------+
         Total |   8923 |   8473 |    450 |    206 |   7269 |   6 | 1487.2 |
       Dungeon |   8923 |   8473 |    450 |    206 |   7269 |   6 | 1487.2 |
               +--------+--------+--------+--------+--------+-----+--------+

Top non-repeatable levels by time:
     D:6: 1674 daAuts
     D:5: 1665 daAuts
     D:3: 1662 daAuts
     D:1: 1573 daAuts
     D:4: 1563 daAuts
     D:2: 783 daAuts
